 Seeded DCSS version 0.30-a0-359-gd0147acb1a (webtiles) character file.

Game seed: 11875864161840823782 (custom seed)

6137 purpskrrrp the Placeless Spriggan (level 10, -8/49 HPs)
             Began as a Spriggan Warper on Nov 11, 2022.
             Was an Initiate of Gozag.
             Mangled by Urug
             ... wielding a +6 broad axe
              (12 damage)
             ... on level 9 of the Dungeon.
             The game lasted 00:52:41 (11288 turns).

purpskrrrp the Placeless Spriggan (SpWr)           Turns: 11288, Time: 00:52:42

Health: -8/49      AC:  8    Str:  7    XL:     10   Next: 59%
Magic:  4/20       EV: 21    Int: 15    God:    Gozag
Gold:   1816       SH:  0    Dex: 19    Spells: 19/25 levels left

rFire   + . .      SeeInvis +    r - +7 Throatcutter {drain, coup de grace}
rCold   . . .      Faith    .    (no shield)
rNeg    . . .      Spirit   .    w - +1 acid dragon scales
rPois   .          Reflect  .    (helmet restricted)
rElec   .          Harm     .    e - +0 cloak
rCorr   +          Rampage  .    (gloves unavailable)
Will    +....                    (boots unavailable)
Stlth   +++++.....               (no amulet)
HPRegen 0.28/turn                g - ring of protection from fire
MPRegen 0.17/turn                (no ring)

@: very quick
A: very small, no large weapons, unfitting armour, see invisible, speed 3, claws
1, low MP 1, evolution 1
a: Renounce Religion, Potion Petition, Call Merchant, Bribe Branch


You were on level 9 of the Dungeon.
You worshipped Gozag.
Gozag was most pleased with you.
You visited 2 branches of the dungeon, and saw 11 of its levels.
You also visited: Sewer and Ossuary.

You collected 1890 gold pieces.
You paid 74 gold pieces to Gozag.

Inventory:

Hand Weapons
 a - a +0 short sword
 h - a +1 dagger of venom
 r - the +7 Throatcutter (weapon) {drain, coup de grace}
   (You took it off Terence on level 2 of the Dungeon)

   A truly terrible weapon, it drains the life of any living foe it strikes.
   It may instantly kill foes which have little health.
 u - the +1 sling of Dissatisfaction {elec, rPois Str+3 Stlth-}
   (You found it on level 4 of the Dungeon)

   Any ammunition fired from it occasionally discharges a powerful burst of
   electricity upon striking a foe.
   Str:       It affects your strength (+3).
   rPois:     It protects you from poison.
   Stlth:     It makes you less stealthy.
 v - a +3 dagger of holy wrath
Missiles
 d - a boomerang of dispersal
 q - 5 javelins
 t - 32 poisoned darts
 y - 3 throwing nets
Armour
 b - a +0 robe
 e - a +0 cloak (worn)
 w - +1 acid dragon scales (worn)
Jewellery
 g - a ring of protection from fire (left claw)
 H - a ring of resist corrosion
Wands
 D - a wand of charming (11)
 E - a wand of iceblast (5) (quivered)
Scrolls
 c - 3 scrolls of blinking
 i - a scroll of noise
 j - a scroll of magic mapping
 k - 3 scrolls of teleportation
 m - 3 scrolls of fear
 x - 4 scrolls of enchant weapon
Potions
 f - 5 potions of curing
 l - 2 potions of berserk rage
 n - 5 potions of heal wounds
 o - a potion of haste {unknown}
 p - 5 potions of brilliance
 s - 3 potions of flight
 z - 3 potions of attraction
 A - a potion of cancellation {unknown}
 B - a potion of lignification {unknown}
 C - a potion of resistance {unknown}
 G - a potion of magic {unknown}


   Skills:
 + Level 3.4 Fighting
 - Level 3.0(5.3) Short Blades
 + Level 5.2(5.4) Long Blades
 - Level 1.0 Throwing
 + Level 8.9 Dodging
 - Level 11.2 Stealth
 + Level 8.0 Spellcasting
 + Level 12.3 Translocations


You had 19 spell levels left.
You knew the following spells:

 Your Spells              Type           Power      Damage    Failure   Level
a - Blink                 Tloc           86%        N/A       1%          2
b - Manifold Assault      Tloc           43%        N/A       1%          4

Your spell library contained the following spells:

 Spells                   Type           Power      Damage    Failure   Level
 Lesser Beckoning         Tloc           86%        N/A       1%          3
 Teleport Other           Tloc           43%        N/A       1%          3
 Vhi's Electric Charge    Tloc/Air       48%        N/A       5%          3
 Beastly Appendage        Tmut           12%        N/A       22%         1
 Freeze                   Ice            24%        1d4       22%         1
 Wereblood                Tmut           6%         N/A       34%         2
 Frozen Ramparts          Ice            12%        1d2       56%         3
 Hailstorm                Conj/Ice       6%         3d4       56%         3
 Spider Form              Tmut/Pois      6%         N/A       56%         3
 Cause Fear               Hex            3%         N/A       92%         4
 Dragon Form              Tmut           3%         N/A       100%        7
 Dragon's Call            Summ           3%         N/A       100%        9


Dungeon Overview and Level Annotations

Branches:
Dungeon (10/15)            Temple (1/1) D:6           Sewer (visited)
Ossuary (visited)
   Lair: D:8-11         Orc: D:9-12

Altars:
Ashenzari
Cheibriados
Dithmenos
Elyvilon
Fedhas
Gozag
Hepliaklqana
Kikubaaqudgha
Makhleb
Nemelex Xobeh
Okawaru
Qazlal
Ru
Sif Muna
Trog
Uskayaw
Vehumet
Wu Jian
Xom
Yredelemnul
Zin
The Shining One

Shops:
D:4 :   D:5 ([:[   D:6 (   D:8 (

Annotations:
D:8 Psyche
D:9 Urug


Innate Abilities, Weirdness & Mutations

You are very small and have problems with some larger weapons.
You are too small for most types of armour.
You have supernaturally acute eyesight. (SInv)
You cover ground extremely quickly. (Speed+++)
You have sharp fingernails.
Your magical capacity is low. (-10% MP)
You have hidden genetic potential.


Message History

Urug is heavily wounded.
Aiming: Iceblast
Press: ? - help, Q - select action, (/) - cycle Shift-Dir - straight line, f/p - Urug
Aim: Urug, wielding a +6 broad axe, wearing a +3 chain mail of willpower and quivering silver javelins (heavily wounded, lightly drained)
The mass of ice explodes!
The iceblast engulfs Urug but does no damage.
Urug is heavily wounded.
Urug throws a silver javelin.
The silver javelin pierces through you. The silver sears you!
The mass of ice explodes!
The iceblast engulfs Urug.
Urug is heavily wounded.
There is a stone staircase leading up here.
You hit Urug.
Urug is heavily wounded.
Urug misses you.
You hit Urug but do no damage.
Urug is heavily wounded.
Urug hits you with a +6 broad axe!!
* * * LOW HITPOINT WARNING * * *
You feel much better. Urug hits you with a +6 broad axe!!
Ouch! That really hurt!
* * * LOW HITPOINT WARNING * * *
Casting: Manifold Assault (dangerous; 1% risk of failure)
Confirm with . or Enter, or press ? or * to list all spells.
You don't know that spell.
Casting: Manifold Assault (dangerous; 1% risk of failure)
Confirm with . or Enter, or press ? or * to list all spells.
You don't know that spell.
Casting: Manifold Assault (dangerous; 1% risk of failure)
Confirm with . or Enter, or press ? or * to list all spells.
You don't know that spell.
Casting: Manifold Assault (dangerous; 1% risk of failure)
Confirm with . or Enter, or press ? or * to list all spells.
You don't know that spell.
Okay, then.
Casting: Manifold Assault (dangerous; 1% risk of failure)
Confirm with . or Enter, or press ? or * to list all spells.
You blink.
Urug hits you with a +6 broad axe!
You die...
Your body crumbles into a pile of gold.

..........###.##
...............###
###.#####.###....#
.##.## #.# #....#
...#.####.# ##...#
..###.....# #..##
...#.###### #..##
.##.## #ยง..#
.##.# ##o@#
.##.##### #..#
........# #.<#
....###.# #..#
.######.#######..#
........o........#
#######.########.#
###.# #.#
##>..########.#


You could see Urug (drained).

Vanquished Creatures
  2 two-headed ogres
  Pikel (D:6)
  Maggie (D:6)
  A hornet (D:8)
  Eustachio (D:6)
  3 steam dragons (D:8)
  Edmund (D:4)
  5 water moccasins
  2 ice beasts
  4 ogres
  2 centaurs
  A phantom (D:6)
  3 lemures (D:6)
  5 kobold brigands
  2 elf zombies (Ossuary)
  5 bullfrogs
  A scorpion (D:4)
  A necrophage (D:6)
  4 wights (D:6)
  4 killer bees (D:9)
  A howler monkey (D:4)
  3 jellies
  2 gnoll boudas
  An orc priest (D:6)
  2 hounds (D:6)
  2 iguanas
  Terence (D:2)
  5 orc wizards
  3 mummies (Ossuary)
  12 gnolls
  7 adders
  2 ufetubi
  2 adder zombies (Ossuary)
  A worm (D:3)
  3 dart slugs
  24 orcs
  11 ball pythons
  6 bats
  4 endoplasms
  8 giant cockroaches
  3 hobgoblins
  5 jackals
  20 kobolds
  6 quokkas
  10 frilled lizards
  A gnoll zombie (Ossuary)
  7 goblins
  2 goblin zombies (Ossuary)
  5 hobgoblin zombies (Ossuary)
  A kobold zombie (Ossuary)
  An orc zombie (Ossuary)
  3 quokka zombies (Ossuary)
  7 rats
  A rat zombie (Ossuary)
221 creatures vanquished.

Vanquished Creatures (others)
  A fungus (Sewer)
  12 plants
13 creatures vanquished.

Grand Total: 234 creatures vanquished

Notes
Turn   | Place    | Note
-------+----------+-------------------------------------------
     0 | D:1      | purpskrrrp the Spriggan Warper began the quest for the Orb.
     0 | D:1      | Reached XP level 1. HP: 10/10 MP: 5/5
   146 | D:1      | Reached skill level 1 in Stealth
   235 | D:1      | Reached XP level 2. HP: 14/14 MP: 6/6
   657 | D:1      | Learned a level 2 spell: Blink
   822 | D:2      | Reached XP level 3. HP: 18/18 MP: 8/8
   829 | D:2      | Reached skill level 5 in Translocations
  1235 | D:2      | Noticed Terence
  1473 | D:2      | Killed Terence
  1474 | D:2      | Reached XP level 4. HP: 22/22 MP: 7/9
  1699 | D:3      | Noticed an ogre
  1745 | D:3      | Killed an ogre
  1746 | D:3      | Reached skill level 1 in Long Blades
  1746 | D:3      | Reached XP level 5. HP: 25/25 MP: 9/11
  1832 | D:3      | Reached skill level 6 in Translocations
  1903 | D:3      | Found a burning altar of Makhleb.
  2048 | D:3      | Reached XP level 6. HP: 30/30 MP: 12/12
  2247 | D:3      | Found a glowing drain.
  2261 | Sewer    | Entered a sewer
  2290 | Sewer    | Reached skill level 5 in Stealth
  2756 | Sewer    | Identified a scroll of acquirement
  3270 | D:4      | Learned a level 4 spell: Manifold Assault
  3286 | D:4      | Reached XP level 7. HP: 33/33 MP: 14/14
  3366 | D:4      | Reached skill level 7 in Translocations
  3485 | D:4      | Noticed Edmund
  3507 | D:4      | Reached skill level 5 in Dodging
  3559 | D:4      | Killed Edmund
  3678 | D:4      | Identified the +1 sling of Dissatisfaction {elec, rPois
                  | Str+3 Stlth-}
  3786 | D:4      | Found Ehynton's Book Emporium.
  4025 | D:4      | Gained mutation: You are frail. (-10% HP) [potion of
                  | mutation]
  4025 | D:4      | Gained mutation: You have a pair of small antennae on your
                  | head. [potion of mutation]
  4025 | D:4      | Gained mutation: You are very frail. (-20% HP) [potion of
                  | mutation]
  4025 | D:4      | Gained mutation: You have sharp toenails. [potion of
                  | mutation]
  4026 | D:4      | Lost mutation: You have sharp toenails. [potion of
                  | mutation]
  4026 | D:4      | Lost mutation: You have a pair of small antennae on your
                  | head. [potion of mutation]
  4026 | D:4      | Lost mutation: You are very frail. (-20% HP) [potion of
                  | mutation]
  4026 | D:4      | Gained mutation: Armour fits poorly on your strangely
                  | shaped body. [potion of mutation]
  4026 | D:4      | Gained mutation: You are very frail. (-20% HP) [potion of
                  | mutation]
  4026 | D:4      | Gained mutation: You are dopey. (Int -2) [potion of
                  | mutation]
  4026 | D:4      | Lost mutation: You are dopey. (Int -2) [potion of mutation]
  4027 | D:4      | Lost mutation: Armour fits poorly on your strangely shaped
                  | body. [potion of mutation]
  4027 | D:4      | Lost mutation: You are very frail. (-20% HP) [potion of
                  | mutation]
  4027 | D:4      | Lost mutation: You are frail. (-10% HP) [potion of
                  | mutation]
  4027 | D:4      | Gained mutation: You are clumsy. (Dex -2) [potion of
                  | mutation]
  4028 | D:4      | Lost mutation: You are clumsy. (Dex -2) [potion of
                  | mutation]
  4028 | D:4      | Gained mutation: You occasionally lose the ability to drink
                  | potions when taking damage. [potion of mutation]
  4028 | D:4      | Gained mutation: Your magical capacity is low. (-10% MP)
                  | [potion of mutation]
  4028 | D:4      | Gained mutation: You are clumsy. (Dex -2) [potion of
                  | mutation]
  4028 | D:4      | Gained mutation: You expend magic power (3 MP) to
                  | strengthen your wands. [potion of mutation]
  4112 | D:4      | Acquired 972 gold pieces
  4115 | D:5      | Entered Level 5 of the Dungeon
  4132 | D:4      | Reached skill level 8 in Translocations
  4373 | D:5      | Reached XP level 8. HP: 37/37 MP: 14/14
  4408 | D:5      | Found a stormy altar of Qazlal.
  4429 | D:5      | Found a hide-covered altar of Uskayaw.
  4531 | D:5      | Found Ino Qek's Weapon Emporium.
  4533 | D:5      | Found Josaufeq's Book Emporium.
  4534 | D:5      | Found Lamast's Antique Armour Emporium.
  4535 | D:5      | Found Hemaeno's Armour Emporium.
  4702 | D:5      | Reached skill level 5 in Spellcasting
  4909 | D:6      | Noticed Maggie
  5225 | D:6      | Killed Maggie
  5226 | D:6      | Reached skill level 9 in Translocations
  5371 | D:6      | Identified the +0 scale mail "Iquw Mus" {rC+ Str-3 Stlth+}
  5383 | D:6      | Noticed Eustachio
  5421 | D:6      | Reached XP level 9. HP: 39/41 MP: 11/16
  5443 | D:6      | Killed Eustachio
  5444 | D:6      | Reached skill level 10 in Translocations
  5584 | D:6      | Found Biasodu's Antique Weapon Emporium.
  5618 | D:6      | Reached skill level 10 in Stealth
  5620 | D:6      | Noticed Pikel
  6012 | D:6      | Killed Pikel
  6263 | D:6      | Found a staircase to the Ecumenical Temple.
  6417 | Temple   | Entered the Ecumenical Temple
  6575 | Temple   | Became a worshipper of Gozag Ym Sagoz the Greedy
  6920 | D:7      | Found a sand-covered staircase.
  6938 | Ossuary  | Entered an ossuary
  6941 | Ossuary  | Reached skill level 11 in Translocations
  8560 | D:8      | Found Kehoiden's Antique Weapon Shoppe.
  8710 | D:8      | Noticed a two-headed ogre
  8728 | D:8      | Killed a two-headed ogre
  8729 | D:8      | Reached XP level 10. HP: 47/47 MP: 0/19
  8908 | D:6      | Lost mutation: You are clumsy. (Dex -2) [potion of
                  | mutation]
  8908 | D:6      | Lost mutation: You expend magic power (3 MP) to strengthen
                  | your wands. [potion of mutation]
  8908 | D:6      | Lost mutation: You occasionally lose the ability to drink
                  | potions when taking damage. [potion of mutation]
  8908 | D:6      | Gained mutation: You have sharp fingernails. [potion of
                  | mutation]
  8908 | D:6      | Gained mutation: You have hidden genetic potential. [potion
                  | of mutation]
  9006 | D:8      | Noticed Psyche
  9435 | D:8      | Found a snail-covered altar of Cheibriados.
  9468 | D:8      | Found an ornate altar of the Wu Jian Council.
  9563 | D:8      | Identified the +6 chain mail of Nanud {+Blink rCorr MP-9
                  | Str+7}
 10248 | D:9      | Reached skill level 12 in Translocations
 10652 | D:9      | Reached skill level 5 in Long Blades
 10914 | D:9      | Noticed a two-headed ogre
 10924 | D:9      | Killed a two-headed ogre
 11249 | D:10     | Entered Level 10 of the Dungeon
 11249 | D:10     | Noticed Urug
 11288 | D:9      | Mangled by Urug

Illustrated notes

Levels and vault maps discovered:
D:1:      amcnicky_arrival_abandoned_market, layout_basic,
          minmay_shallow_snake_nest
D:2:      layout_rooms, uniq_terence
D:3:      layout_loops_corners, bloody_makhleb, gup_sewer_entry_pipe
D:4:      layout_gridville, serial_shops, shop_fountains, uniq_edmund
D:5:      layout_basic, lemuel_crystal_altar, mainiacjoe_overflow_tiny_flanked,
          minmay_shop_grid_forest, corexii_item_surrounded_by_moat
D:6:      layout_rooms, minmay_temple_entry_mini_moons,
          nicolae_inconvenience_store, amethyst_killhole, minmay_crystal_room,
          nicolae_grassy_gnolls, uniq_maggie, uniq_eustachio, uniq_pikel
D:7:      layout_basic, chequers_ossuary_entry_cave
D:8:      layout_basic, marbit_many_paths, nicolae_wu_jian_wuxing_cycle,
          serial_shops, nicolae_shop_waterfront, uniq_psyche
D:9:      layout_loops_ring, minmay_misc_feat_four_crosses
D:10:     layout_basic, minmay_lair_entry_grove, uniq_urug
Temple:   minmay_crystal_spiral_temple

Skill      XL: |  1  2  3  4  5  6  7  8  9 10 |
---------------+-------------------------------+-----
Stealth        | 1 2 3 4 5 7 9 11 | 11.2
Translocations | 5 6 8 9 11 12 | 12.3
Spellcasting   | 3 4 5 7 8 |  8.0
Short Blades   | 3 |  3.0
Long Blades    | 1 2 3 4 5 |  5.2
Dodging        | 4 5 6 8 |  8.9
Fighting       | 2 3 |  3.4
Throwing       | |  1.0

Action                   |  1- 3 |  4- 6 |  7- 9 | 10-12 || total
-------------------------+-------+-------+-------+-------++-------
Melee: Short sword       |    23 |       |       |       ||    23
       Dagger            |    59 |       |       |       ||    59
       Punch             |     1 |       |     4 |       ||     5
       Long sword        |       |   120 |   236 |    83 ||   439
Throw: Dart              |       |    20 |   126 |     1 ||   147
       Boomerang         |       |       |     4 |     4 ||     8
       Throwing net      |       |       |     2 |       ||     2
 Cast: Blink             |     5 |     4 |     6 |     2 ||    17
       Manifold Assault  |       |       |    64 |    54 ||   118
Evoke: Wand              |       |       |       |     5 ||     5
  Use: Scroll            |       |    10 |    13 |     1 ||    24
       Potion            |       |     2 |     6 |     4 ||    12
 Stab: Sleeping          |     4 |    10 |     2 |       ||    16
       Held in net/web   |       |       |     2 |       ||     2
Armor: Robe              |     4 |     7 |     6 |       ||    17
       Acid dragon scale |       |       |     7 |     3 ||    10
Dodge: Dodged            |    57 |    93 |   124 |    22 ||   296

Table legend: (Time is in decaauts)
 A = Elapsed time spent in this place.
 B = Non-inter-level travel time spent in this place.
 C = Inter-level travel time spent in this place.
 D = Time resting spent in this place.
 E = Time spent auto-exploring this place.
 F = Levels seen in this place.
 G = Mean time per level.
                   A        B        C        D        E       F      G
               +--------+--------+--------+--------+--------+-----+--------+
         Total |   8736 |   8234 |    502 |   1451 |   4807 |  13 |  672.0 |
       Dungeon |   7530 |   7079 |    451 |   1245 |   4185 |  10 |  753.0 |
        Temple |    150 |     99 |     51 |      0 |     87 |   1 |  150.0 |
         Sewer |    435 |    435 |      0 |     69 |    149 |   1 |  435.0 |
       Ossuary |    619 |    619 |      0 |    137 |    385 |   1 |  619.0 |
               +--------+--------+--------+--------+--------+-----+--------+

Top non-repeatable levels by time:
     D:9: 1128 daAuts
     D:6: 1079 daAuts
     D:7: 1022 daAuts
     D:8: 841 daAuts
     D:4: 826 daAuts
     D:5: 817 daAuts
     D:3: 715 daAuts
 Ossuary: 619 daAuts
     D:2: 607 daAuts
     D:1: 488 daAuts
   Sewer: 435 daAuts
  Temple: 150 daAuts
    D:10: 3 daAuts
